 Dungeon Crawl Stone Soup version 0.26.1-11-gd32895ea62 (webtiles) character file.

Game seed: 1651413633986547701

53 Zeld the Sneak (level 3, 0/18 HPs)
             Began as a Spriggan Brigand on June 3, 2021.
             Succumbed to an adder's poison
             ... on level 2 of the Dungeon.
             The game lasted 00:02:24 (3387 turns).

Zeld the Sneak (Spriggan Brigand)                   Turns: 3387, Time: 00:02:25

Health: 0/18       AC:  3    Str:  7    XL:     3   Next: 64%
Magic:  4/4        EV: 17    Int: 12    God:
Gold:   108        SH:  0    Dex: 18    Spells: 2/2 levels left

rFire    . . .     SeeInvis +   b - +0 dagger (venom)
rCold    . . .     Faith    .   (shield restricted)
rNeg     . . .     Spirit   .   i - +0 robe
rPois    .         Reflect  .   (helmet restricted)
rElec    .         Harm     .   c - +0 cloak
rCorr    .         Rampage  .   (gloves unavailable)
Will     .....                  (boots unavailable)
Stlth    +++.......             (no amulet)
HPRegen  0.06/turn              (no ring)
MPRegen  0.09/turn              (no ring)

@: lethally poisoned (0 -> -9), very quick
A: very small, unfitting armour, see invisible, speed 3
a: no special abilities


You were on level 2 of the Dungeon.
You visited 1 branch of the dungeon, and saw 2 of its levels.

You collected 108 gold pieces.

Inventory:

Hand Weapons
 a - a +2 dagger
 b - a +0 dagger of venom (weapon)
Missiles
 d - 26 poisoned darts (quivered)
 e - 2 curare-tipped darts
 s - a throwing net
Armour
 c - a +0 cloak (worn)
 i - a +0 robe (worn)
Scrolls
 f - 2 scrolls of fog {unknown}
 g - a scroll of enchant armour {unknown}
 h - 3 scrolls of fear {unknown}
 j - a scroll of teleportation {unknown}
 k - a scroll of amnesia {unknown}
 l - 3 scrolls of identify {unknown}
 o - a scroll of immolation {unknown}
 p - 2 scrolls of magic mapping {unknown}
 r - a scroll of remove curse {unknown}
Potions
 m - a potion of attraction {unknown}
 n - a potion of invisibility {unknown}
 q - 3 potions of degeneration {unknown}


   Skills:
 - Level 1.5 Fighting
 * Level 4.5 Short Blades
 - Level 2.0 Throwing
 - Level 1.5 Dodging
 - Level 5.8 Stealth


You had 2 spell levels left.
You didn't know any spells.
Your spell library was empty.

Dungeon Overview and Level Annotations

Branches:
Dungeon (2/15)

Altars:

Annotations:
D:2 Sigmund


Innate Abilities, Weirdness & Mutations

You are very small and have problems with some larger weapons.
You are too small for most types of armour.
You have supernaturally acute eyesight. (SInv)
You cover ground extremely quickly.


Message History

The adder poisons you!
You are too injured to fight recklessly!
You are too injured to fight recklessly!
You feel sick.
You kill the adder!
You feel sick.
* * * LOW HITPOINT WARNING * * *
You feel sick.
* * * LOW HITPOINT WARNING * * *
You feel sick.
* * * LOW HITPOINT WARNING * * *
You feel sick.
There is a lethal amount of poison in your body!
There is a lethal amount of poison in your body!
There is a lethal amount of poison in your body!
* * * LOW HITPOINT WARNING * * *
You feel sick.
* * * LOW HITPOINT WARNING * * *
You feel sick.
You die...

**** * ,,,* ######### * **,*
#.......####****** *,****
#.#####.##..,S,,,, *,,,,* #.#
#.##.#****** ****,* #.# #.##.#
*** *,****###**#.# #.##.####
,,***,,,,,.....#@#####.##.##.####
*,*>,,,),........................
*,*,*,,*,....#.#..........##.#...
*,*,*,<*,##*,#.#...........#.#...
,,,,*,,,,,,,,#.............#.#...
*,*,**,*,****#.####'#####..#.#.#.
*,*,,,,,,,,,..<,,....,,,...#.#.#.
*,*,**,*,**###*,###@##**##.......
*,*,**,*,****,,,[,...,,,,,.......


You could see Sigmund (wandering).

Vanquished Creatures
  An adder (D:2)
  An ooze (D:2)
  2 worms (D:2)
  3 dart slugs
  A giant cockroach (D:1)
  4 goblins
  2 hobgoblins (D:2)
  A quokka (D:2)
  6 bats
  2 frilled lizards
  5 kobolds (D:2)
  2 rats (D:1)
30 creatures vanquished.

Notes
Turn   | Place    | Note
-------+----------+-------------------------------------------
     0 | D:1      | Zeld the Spriggan Brigand began the quest for the Orb.
     0 | D:1      | Reached XP level 1. HP: 10/10 MP: 2/2
   602 | D:1      | Reached XP level 2. HP: 14/14 MP: 3/3
  1439 | D:2      | Reached XP level 3. HP: 16/18 MP: 4/4
  2260 | D:2      | Noticed Sigmund
  3387 | D:2      | Succumbed to an adder's poison

Illustrated notes

Levels and vault maps discovered:
D:1:      doesnt_arrival_eight_statues, layout_loops_ring
D:2:      layout_basic, uniq_sigmund

Skill      XL: |  1  2  3 |
---------------+----------+-----
Short Blades   | 3 4 |  4.5
Fighting       | |  1.5
Throwing       | |  2.0
Dodging        | |  1.5
Stealth        | |  5.8

Action                   || total
-------------------------++-------
Melee: Dagger            ||    98
 Stab: Sleeping          ||    13
Armor: Robe              ||     9
Dodge: Dodged            ||    61
